 Dungeon Crawl Stone Soup version 0.30-a0-696-g2367cd04db (webtiles) character file.

Game seed: 4629657371734672293

7217 wormed the Charlatan (level 10, 0/77 HPs)
             Began as a Demonspawn Artificer on Jan 20, 2023.
             Was a Priest of Vehumet.
             Killed from afar by Fannar (30 damage)
             ... with a bolt of cold
             ... on level 10 of the Dungeon.
             The game lasted 00:12:04 (8742 turns).

wormed the Charlatan (Demonspawn Artificer)         Turns: 8742, Time: 00:12:04

Health: 0/77       AC: 12    Str: 12    XL:     10   Next: 87%
Magic:  20/20      EV: 16    Int: 17    God:    Vehumet [***...]
Gold:   426        SH:  0    Dex: 14    Spells: 19/22 levels left

rFire   . . .      SeeInvis +    M - +9 rapier of Yredelemnul's Fury {flame, rElec}
rCold   . . .      Faith    .    (no shield)
rNeg    . . .      Spirit   .    u - +0 troll leather armour
rPois   .          Reflect  .    g - +1 helmet
rElec   +          Harm     .    x - scarf {shadows}
rCorr   .          Rampage  .    h - +1 pair of gloves
Will    .....                    (no boots)
Stlth   +                        (no amulet)
HPRegen 1.12/turn                H - ring of see invisible
MPRegen 0.17/turn                w - +4 ring of protection

@: no status effects
A: repulsion field 1, ignite blood 1, spiny 1, demonic touch 1
a: Renounce Religion


You were on level 10 of the Dungeon.
You worshipped Vehumet.
Vehumet was most pleased with you.
You visited 3 branches of the dungeon, and saw 12 of its levels.

You collected 601 gold pieces.
You spent 175 gold pieces at shops.

Inventory:

Hand Weapons
 l - a +0 vampiric dagger
 z - a +1 short sword of venom
 M - the +9 rapier of Yredelemnul's Fury (weapon) {flame, rElec}
   (You found it on level 7 of the Dungeon)

   rElec:     It insulates you from electricity.
Missiles
 j - 4 atropa-tipped darts (quivered)
 y - 19 poisoned darts
 F - 4 curare-tipped darts
 O - 3 datura-tipped darts
Armour
 g - a +1 helmet (worn)
 h - a +1 pair of gloves (worn)
 s - a +0 leather armour of fire resistance
 u - a +0 troll leather armour (worn)
 x - a scarf of shadows (worn)
Jewellery
 f - a ring of protection from cold
 w - a +4 ring of protection (right hand)
 G - a +6 ring of strength
 H - a ring of see invisible (left hand)
 J - a +5 ring of evasion
Wands
 b - a wand of polymorph (14)
 c - a wand of flame (8)
 d - a wand of charming (20)
 e - a wand of iceblast (15)
Scrolls
 a - a scroll of noise {unknown}
 k - a scroll of blinking
 n - 7 scrolls of teleportation
 q - a scroll of fog
 v - 2 scrolls of identify
 D - a scroll of enchant armour
 I - a scroll of enchant weapon {unknown}
 P - a scroll of vulnerability {unknown}
Potions
 i - 2 potions of brilliance
 m - a potion of attraction
 o - a potion of cancellation
 p - 4 potions of curing
 r - 2 potions of heal wounds
 t - a potion of resistance
 A - 2 potions of flight
 B - a potion of haste
 C - 4 potions of mutation
 E - a potion of lignification {unknown}
 K - a potion of invisibility
 L - 2 potions of might {unknown}


   Skills:
 - Level 6.9 Fighting
 + Level 7.4 Short Blades
 - Level 1.8 Armour
 - Level 6.2 Dodging
 - Level 0.9 Stealth
 + Level 6.7 Spellcasting
 + Level 2.7 Conjurations
 + Level 2.4 Earth Magic
 - Level 7.5 Evocations


You had 19 spell levels left.
You knew the following spells:

 Your Spells              Type           Power      Damage    Failure   Level
a - Stone Arrow           Conj/Erth      28%        3d8       4%          3

Your spell library contained the following spells:

 Spells                   Type           Power      Damage    Failure   Level
 Poisonous Vapours        Pois/Air       10%        N/A       6%          2
 Mephitic Cloud           Conj/Pois/Air  8%         N/A       9%          3
 Cigotuvi's Dreadful Rot  Necr/Pois/Air  10%        N/A       22%         2


Dungeon Overview and Level Annotations

Branches:
Dungeon (10/15)            Temple (1/1) D:4            Lair (1/5) D:10
    Orc: D:9-12

Altars:
Ashenzari
Cheibriados
Dithmenos
Fedhas
Gozag
Hepliaklqana
Kikubaaqudgha
Makhleb
Nemelex Xobeh
Okawaru
Qazlal
Ru
Sif Muna
Trog
Uskayaw
Vehumet
Wu Jian
Xom
Yredelemnul

Shops:
D:5 [

Annotations:
D:5 1 runed translucent door
D:10 Fannar


Innate Abilities, Weirdness & Mutations

You are surrounded by a mild repulsion field. (EV +2)
Your demonic aura sometimes causes spilled blood to erupt in flames.
You are partially covered in sharp spines.
Your touch may inflict minor irresistible damage on your foes.


Message History

Fannar is lightly wounded.
You feel very sick.
You hit Fannar. You burn Fannar. Your touch misses Fannar.
Fannar is lightly wounded.
You feel very sick. The cane toad is struck by your spines.
The cane toad stings you.
Fannar hits you with a +0 quarterstaff of freezing.
Fannar freezes you.
You hit Fannar. You burn Fannar.
Fannar is moderately wounded.
You feel very sick. The cane toad stings you. Fannar is struck by your spines.
Fannar hits you but does no damage. The cane toad stings you!
You are more poisoned.
The cane toad poisons you!
You puncture the cane toad! You burn the cane toad.
The cane toad is moderately wounded.
You feel very sick. Fannar is struck by your spines.
Fannar hits you with a +0 quarterstaff of freezing!
Fannar freezes you.
* * * LOW HITPOINT WARNING * * *
Blink to where?
Press: ? - help, Dir - move target
As you read the scroll of blinking, it crumbles to dust.
You feel very sick.
You feel better.
Throw: 2 throwing nets
Press: ? - help, Q - select action, (/) - cycle Shift-Dir - straight line, f - Fannar
Aim: Fannar, wielding a +0 quarterstaff of freezing, wearing a +2 robe of cold resistance and wearing a ring of ice (moderately wounded, 44% to hit)
You throw a throwing net. The throwing net misses Fannar.
Throw: throwing net
Press: ? - help, Q - select action, (/) - cycle Shift-Dir - straight line, f/p - Fannar
Aim: Fannar, wielding a +0 quarterstaff of freezing, wearing a +2 robe of cold resistance and wearing a ring of ice (moderately wounded, 44% to hit)
You throw a throwing net. The throwing net hits Fannar.
Fannar is caught in the net!
Fannar is moderately wounded.
Fannar points at you and mumbles some strange words.
The bolt of cold hits you!!
You die...

..............#..P........###
.........[...........†.P....##
.................)..>.(......##
........).....................##
.....^........#...........#....##
.......#......##.........##.....#
......###.....####e....####......
.......#.........................
................@....[...........
.................................
.....................÷...........
.###.............................
.###..........÷÷[..[.............
.###.............#...............
.........###....###..............
.........###.....#...............
.........###.....................


You could see Fannar (caught).

Vanquished Creatures
  A two-headed ogre (D:10)
  A cane toad (D:10)
  An unseen horror (D:10)
  A troll (D:9)
  A shadow (D:9)
  12 yaks
  Eustachio (D:6)
  A wyvern (D:9)
  A steam dragon (D:8)
  3 wargs (D:10)
  A water moccasin (D:5)
  2 orc warriors
  2 black bears
  A sky beast (D:7)
  3 ogres
  3 centaurs
  3 kobold brigands
  3 bullfrogs
  2 gnoll sergeants (D:9)
  3 scorpions
  5 killer bees (D:9)
  8 howler monkeys
  8 hounds
  A jelly (D:6)
  5 orc priests
  3 iguanas
  7 orc wizards
  10 adders
  11 gnolls
  3 white imps
  2 ufetubi
  A dart slug (D:2)
  20 orcs
  4 bats
  A bat zombie (D:7)
  5 endoplasms
  7 giant cockroaches
  7 goblins
  4 hobgoblins
  2 quokkas
  10 ball pythons
  A frilled lizard (D:1)
  20 kobolds
  A kobold zombie (D:5)
  5 rats
  A rat zombie (D:7)
198 creatures vanquished.

Vanquished Creatures (others)
  A howler monkey (D:8)
  4 fungi (D:5)
5 creatures vanquished.

Grand Total: 203 creatures vanquished

Notes
Turn   | Place    | Note
-------+----------+-------------------------------------------
     0 | D:1      | wormed the Demonspawn Artificer began the quest for the
                  | Orb.
     0 | D:1      | Reached XP level 1. HP: 15/15 MP: 1/1
   176 | D:1      | Reached skill level 1 in Dodging
   321 | D:1      | Gained mutation: You are partially covered in sharp spines.
                  | [demonic ancestry]
   321 | D:1      | Reached XP level 2. HP: 13/21 MP: 2/2
   959 | D:2      | Found a shadowy altar of Dithmenos.
  1157 | D:2      | Reached XP level 3. HP: 26/26 MP: 4/4
  1185 | D:2      | Reached skill level 1 in Spellcasting
  1694 | D:3      | Found a hide-covered altar of Uskayaw.
  1813 | D:3      | Found a shimmering altar of Xom.
  1819 | D:3      | Found a shimmering altar of Xom.
  1820 | D:3      | Found a shimmering altar of Xom.
  1822 | D:3      | Found a shimmering altar of Xom.
  1886 | D:3      | Found a hazy altar of Hepliaklqana.
  1897 | D:3      | Found a bloodstained altar of Trog.
  2032 | D:3      | Identified the +4 sling of Ascent {heavy, *Slow Will++
                  | Int+5}
  2042 | D:3      | Gained mutation: You are surrounded by a mild repulsion
                  | field. (EV +2) [demonic ancestry]
  2042 | D:3      | Reached XP level 4. HP: 14/33 MP: 4/6
  2558 | D:4      | Noticed an ogre
  2640 | D:4      | Killed an ogre
  2641 | D:4      | Reached XP level 5. HP: 29/40 MP: 6/8
  2735 | D:4      | Found a sacrificial altar of Ru.
  2851 | D:4      | Found a staircase to the Ecumenical Temple.
  2864 | Temple   | Entered the Ecumenical Temple
  2869 | Temple   | Became a worshipper of Vehumet
  2912 | D:4      | Gained mutation: Your demonic aura sometimes causes spilled
                  | blood to erupt in flames. [demonic ancestry]
  2912 | D:4      | Reached XP level 6. HP: 34/47 MP: 9/9
  3336 | D:4      | Found a burning altar of Makhleb.
  3635 | D:5      | Entered Level 5 of the Dungeon
  3635 | D:5      | Noticed a water moccasin
  3643 | D:5      | Killed a water moccasin
  3644 | D:5      | Gained mutation: Your touch may inflict minor irresistible
                  | damage on your foes. [demonic ancestry]
  3644 | D:5      | Reached XP level 7. HP: 47/53 MP: 11/11
  3696 | D:5      | Identified the +10 dagger of the Grave {drain, Str+3 Dex+3}
  3729 | D:5      | Reached skill level 5 in Evocations
  3842 | D:5      | Reached * piety under Vehumet
  3842 | D:5      | Offered knowledge of Magic Dart by Vehumet.
  3901 | D:5      | Found a runed translucent door.
  3901 | D:5      | Noticed a human
  3938 | D:5      | Found a basalt altar of Yredelemnul.
  4093 | D:5      | Found Qiheelu's Antique Armour Emporium.
  4099 | D:5      | Bought a bloodstained leather armour for 175 gold pieces
  4099 | D:5      | Identified the +5 leather armour of the Monkey's Uncle
                  | {Int-4 Dex+2 SInv} (You bought it in a shop on level 5 of
                  | the Dungeon)
  4590 | D:6      | Found a stormy altar of Qazlal.
  4597 | D:6      | Noticed Eustachio
  4602 | D:6      | Killed Eustachio
  4603 | D:6      | Reached XP level 8. HP: 61/61 MP: 12/14
  4708 | D:6      | Found a sparkling altar of Nemelex Xobeh.
  4783 | D:6      | Reached skill level 5 in Fighting
  5332 | D:7      | Found an iron altar of Okawaru.
  5374 | D:7      | Reached skill level 5 in Dodging
  5470 | D:7      | You fall into a shaft and drop 1 floor!
  5525 | D:8      | Reached ** piety under Vehumet
  5525 | D:8      | Offered knowledge of Static Discharge by Vehumet.
  5547 | D:8      | Reached skill level 5 in Spellcasting
  5571 | D:8      | Found a blossoming altar of Fedhas.
  5651 | D:8      | Reached XP level 9. HP: 53/69 MP: 16/16
  6904 | D:7      | Identified the +9 rapier of Yredelemnul's Fury {flame,
                  | rElec}
  6951 | D:7      | Found an ancient bone altar of Kikubaaqudgha.
  7514 | D:9      | Noticed a troll
  7519 | D:9      | Killed a troll
  7519 | D:9      | Offered knowledge of Momentum Strike by Vehumet.
  7520 | D:9      | Reached skill level 1 in Short Blades
  7749 | D:9      | Reached XP level 10. HP: 51/77 MP: 19/19
  7838 | D:9      | Reached skill level 5 in Short Blades
  7876 | D:9      | Found a broken altar of Ashenzari.
  7949 | D:9      | Noticed a two-headed ogre
  7949 | D:9      | Reached *** piety under Vehumet
  8211 | D:10     | Entered Level 10 of the Dungeon
  8230 | D:10     | Offered knowledge of Stone Arrow by Vehumet.
  8235 | D:10     | Learned a level 3 spell: Stone Arrow
  8377 | D:10     | Reached skill level 1 in Conjurations
  8384 | D:10     | Reached skill level 1 in Earth Magic
  8422 | D:10     | Found a staircase to the Lair.
  8571 | D:10     | Noticed a two-headed ogre
  8576 | D:10     | Killed a two-headed ogre
  8700 | Lair:1   | Entered Level 1 of the Lair of Beasts
  8700 | Lair:1   | Noticed Fannar
  8700 | Lair:1   | Noticed a cane toad
  8700 | Lair:1   | Noticed a cane toad
  8706 | D:10     | Killed a cane toad
  8742 | D:10     | Killed from afar by Fannar

Illustrated notes

Levels and vault maps discovered:
D:1:      saegor_arrival_simple_d, layout_loops_ring
D:2:      layout_loops_ring, basic_altar
D:3:      layout_basic, mainiacjoe_overflow_six_doors_small, xom_redecorated,
          nicolae_uskayaw_murder_on_the_dancefloor,
          amethyst_overflow_temple_binary
D:4:      layout_basic, lightli_temple_of_fire,
          nicolae_ru_great_annihilating_truth, minmay_temple_entry_mini_moons,
          minmay_goblin_kobold_house
D:5:      layout_cave_pools, mainiacjoe_overflow_chevrons,
          dk_yredelemnul_ordeal, serial_shops, shop_statue
D:6:      nicolae_BIG_FREAKIN_CUBE, layout_basic, mainiacjoe_overflow_paths,
          mainiacjoe_overflow_swirl, serial_bayou_lagoon_a, uniq_eustachio
D:7:      layout_basic, mainiacjoe_overflow_boulevard,
          lemuel_zombie_altar_kikubaaqudgha
D:8:      layout_basic, mainiacjoe_overflow_24_doors
D:9:      layout_roguey, ashenzari_altar_1
D:10:     layout_big_octagon, erik_lair_orcish_takeover
Temple:   hellmonk_temple_micro_hex
Lair:1:   layout_roguey, beast_lair_carwin_8, grunt_megastairs_3, uniq_fannar

Skill      XL: |  1  2  3  4  5  6  7  8  9 10 |
---------------+-------------------------------+-----
Dodging        | 1 2 3 4 5 6 |  6.2
Spellcasting   | 1 2 3 4 5 6 |  6.7
Fighting       | 2 3 4 5 6 |  6.9
Evocations     | 4 5 6 7 |  7.5
Short Blades   | 3 7 |  7.4
Conjurations   | 2 |  2.7
Earth Magic    | 2 |  2.4
Armour         | |  1.8
Stealth        | |  0.9

Action                   |  1- 3 |  4- 6 |  7- 9 | 10-12 || total
-------------------------+-------+-------+-------+-------++-------
Melee: Club              |    51 |       |       |       ||    51
       Punch             |     2 |       |     2 |       ||     4
       Dagger            |    75 |       |       |       ||    75
       Short sword       |       |     2 |   192 |       ||   194
       Touch             |       |       |    50 |    16 ||    66
       Rapier            |       |       |    35 |    94 ||   129
 Fire: Sling             |     7 |    56 |       |       ||    63
Throw: Throwing net      |       |       |       |     2 ||     2
Evoke: Wand              |       |    15 |     8 |       ||    23
  Use: Scroll            |     7 |     1 |     9 |     1 ||    18
       Potion            |       |       |     1 |     1 ||     2
 Stab: Sleeping          |     5 |       |     3 |       ||     8
Armor: Leather armour    |    45 |    22 |    82 |       ||   149
       Troll leather arm |       |       |     8 |    22 ||    30
Dodge: Dodged            |    71 |    47 |   160 |    72 ||   350

Table legend: (Time is in decaauts)
 A = Elapsed time spent in this place.
 B = Non-inter-level travel time spent in this place.
 C = Inter-level travel time spent in this place.
 D = Time resting spent in this place.
 E = Time spent auto-exploring this place.
 F = Levels seen in this place.
 G = Mean time per level.
                   A        B        C        D        E       F      G
               +--------+--------+--------+--------+--------+-----+--------+
         Total |   8825 |   8483 |    342 |    400 |   6634 |  12 |  735.4 |
       Dungeon |   8809 |   8467 |    342 |    400 |   6634 |  10 |  880.9 |
        Temple |     10 |     10 |      0 |      0 |      0 |   1 |   10.0 |
          Lair |      5 |      5 |      0 |      0 |      0 |   1 |    5.0 |
               +--------+--------+--------+--------+--------+-----+--------+

Top non-repeatable levels by time:
     D:4: 1259 daAuts
     D:7: 1142 daAuts
     D:1: 939 daAuts
     D:5: 925 daAuts
     D:9: 898 daAuts
     D:8: 837 daAuts
     D:6: 775 daAuts
     D:3: 757 daAuts
     D:2: 753 daAuts
    D:10: 519 daAuts
  Temple: 10 daAuts
  Lair:1: 5 daAuts
